[Event "*** MasterClass Titled Tuesday Blitz"]
[Site "Chess.com"]
[Date "2017.11.07"]
[Round "5"]
[White "Salem-AR"]
[Black "Vrolijk"]
[Result "1-0"]
[WhiteElo "2805"]
[BlackElo "2500"]
[TimeControl "180+2"]
[EndTime "15:14:00 PST"]
[Termination "Salem-AR won by checkmate"]

1. d4 Nf6 2. c4 e6 3. Nf3 b6 4. g3 Bb4+ 5. Nbd2 Bb7 6. Bg2 c5 7. dxc5 Bxc5 8. O-O O-O 9. b3 d5 10. Bb2 Nbd7 11. Rc1 Qe7 12. Qc2 Rac8 13. Qb1 e5 14. e3 Rfe8 15. Rfd1 Bd6 16. Nh4 g6 17. cxd5 Rxc1 18.
Qxc1 Rc8 19. Qa1 Nc5 20. Nc4 Nfd7 21. Nf3 f6 22. Nxd6 Qxd6 23. Nd2 b5 24. b4 Na4 25. Bh3 f5 26. Nf3 e4 27. Bh8 Qf8 28. Ng5 Ndb6 29.
Nxe4 Nxd5 30. Be5 Qe7 31. Rxd5 Bxd5 32. Nf6+ Kf7 33. Nxd5 Qe6 34. Bg2 Nb6 35. Nxb6 axb6 36. h4 Qc4 37. Kh2 Qc1 38. Qd4 Re8 39. Qd7+ Kf8 40.
Qg7# 1-0

[Event "*** MasterClass Titled Tuesday Blitz"]
[Site "Chess.com"]
[Date "2017.11.07"]
[Round "5"]
[White "pandamaster3000"]
[Black "MateusViageiro"]
[Result "1/2-1/2"]
[WhiteElo "2277"]
[BlackElo "2261"]
[TimeControl "180+2"]
[EndTime "15:14:10 PST"]
[Termination "Game drawn by repetition"]

1. e4 c5 2. Nf3 d6 3. Bb5+ Nd7 4. d4 cxd4 5. Qxd4 Nf6 6. c4 a6 7. Bxd7+ Bxd7 8. Bg5 Bc6 9. Nc3 h6 10. Be3 e5 11.
Qd3 Be7 12. O-O Rc8 13. Nd2 O-O 14. f3 Rb8 15. Nd5 Nxd5 16. cxd5 Bb5 17. Nc4 Rc8 18.
Rfc1 Bg5 19. Bxg5 Qxg5 20. a4 Bxc4 21. Rxc4 Rxc4 22. Qxc4 Qd2 23. b3 Kh7 24. Rc1 b5 25.
Qc3 Qg5 26. axb5 axb5 27. Ra1 f5 28. Qd3 b4 29. Rf1 Kh8 30. exf5 Rxf5 31. Ra1 Rf8 32. Kh1 Rc8 33. h3 Rc1+ 34. Rxc1 Qxc1+ 35. Kh2 Qf4+ 36. Kh1 Kg8 37. Kg1 Kf7 38. Kf2 Qc1 39. Qe3 Qc2+ 40. Kg3 Kf6 41. Qb6 Qc5 42. Qd8+ Kg6 43. Qe8+ Kh7 44. Qe6 Qc7 45. Qf5+ Kg8 46. Qe6+ Kh7 47. Qf5+ Kg8 48. Qe6+ Kh7 49. Qf5+ 1/2-1/2

[Event "*** MasterClass Titled Tuesday Blitz"]
[Site "Chess.com"]
[Date "2017.11.07"]
[Round "5"]
[White "MFBerna"]
[Black "BergenChessAcademy"]
[Result "1-0"]
[WhiteElo "2311"]
[BlackElo "1562"]
[TimeControl "180+2"]
[EndTime "15:14:11 PST"]
[Termination "MFBerna won by resignation"]

1. e4 c6 2. d4 d5 3. exd5 cxd5 4. c4 Nf6 5. Nf3 Nc6 6. Nc3 Bg4 7. Be2 e6 8. O-O dxc4 9. Bxc4 Be7 10. Be3 O-O 11.
h3 Bh5 12. g4 Bg6 13. Qe2 Nb4 14. Ne5 Nbd5 15. Rad1 Rc8 16. Bc1 Bd6 17. Bb3 Qc7 18. Nb5 Qb8 19. f4 Bb4 20. a3 Ba5 21. Kh2 a6 22. Bxd5 exd5 23. Nc3 Bxc3 24. bxc3 Rxc3 25. f5 Ne4 26. fxg6 f6 27. gxh7+ Kxh7 28. Bf4 fxe5 29. Bxe5 Qc8 30. Rxf8 Qxf8 31. Rf1 Qxa3 32. Qg2 Kg8 33. h4 Qb3 34. Kg1 Rh3 35. h5 Qe3+ 36. Rf2 Rf3 37.
Qxf3 Qxf2+ 38. Qxf2 Nxf2 39. Kxf2 a5 40. Bd6 b5 41. Ke3 Kf7 42. Kf4 Ke6 43. Bc5 b4 44.
g5 b3 45. Ba3 a4 46. h6 1-0

[Event "*** MasterClass Titled Tuesday Blitz"]
[Site "Chess.com"]
[Date "2017.11.07"]
[Round "5"]
[White "Robin-Side"]
[Black "Angry_Serb"]
[Result "1-0"]
[WhiteElo "2603"]
[BlackElo "2430"]
[TimeControl "180+2"]
[EndTime "15:14:14 PST"]
[Termination "Robin-Side won by resignation"]

1. d4 Nf6 2. Nc3 d5 3. e4 dxe4 4. f3 exf3 5. Nxf3 Bg4 6. h3 Bxf3 7. Qxf3 c6 8. Qf2 Nbd7 9. Bd3 e5 10. Be3 Bb4 11. O-O Bxc3 12. bxc3 e4 13. Bxe4 O-O 14. Bd3 Qa5 15. Bd2 Rad8 16. Qh4 Qh5 17. Qg3 Qd5 18. Rf5 Qe6 19. Raf1 Kh8 20. Qh4 g6 21.
Rxf6 Nxf6 22. Rxf6 Qxa2 23. Bg5 Rd5 24. Rf1 f5 25. Bf6+ Kg8 26. Be5 b5 27. Qe7 Rf7 28. Qe8+ Rf8 29. Qxc6 a6 30. c4 Rdd8 31. cxb5 axb5 32.
Bxb5 Rc8 33. Qd7 Qf7 34. Qxf7+ Kxf7 35. c4 Ra8 36. c5 Ke6 37. Bc4+ Kd7 38. d5 Ra3 39.
c6+ Ke7 40. d6+ Kd8 41. Be6 1-0

[Event "*** MasterClass Titled Tuesday Blitz"]
[Site "Chess.com"]
[Date "2017.11.07"]
[Round "5"]
[White "Man-Chuk"]
[Black "MagnusCarlsen"]
[Result "1/2-1/2"]
[WhiteElo "2626"]
[BlackElo "3033"]
[TimeControl "180+2"]
[EndTime "15:14:30 PST"]
[Termination "Game drawn - insufficient material"]

1. d4 Nf6 2. Nf3 e6 3. c4 d5 4.
Nc3 Bb4 5. Bg5 dxc4 6. e4 b5 7. a4 c5 8. axb5 cxd4 9. Bxf6 Qxf6 10. Qxd4 Qxd4 11. Nxd4 Bb7 12. f3 Ke7 13. Ra4 a5 14. bxa6 Nxa6 15. Bxc4 Bc5 16. Nb3 Bd6 17. Ke2 Rhb8 18.
Rha1 Bxh2 19. Bxa6 Bxa6+ 20. Rxa6 Rxa6 21. Rxa6 Rxb3 22.
Ra2 Be5 23. Kd3 Rb4 24. Kc2 h5 25. Ra7+ Kf6 26. Ra6 Kg5 27. Ra7 f5 28. exf5 exf5 29. Ra5 Bd4 30. Kd3 Bf6 31. Ne4+ Kf4 32. g3+ Kxf3 33.
Rxf5+ Kg2 34. Nxf6 gxf6 35. Rxh5 Kxg3 36. Rf5 Rb6 37.
Rf1 Kg4 38. Rg1+ Kf4 39. Rf1+ Ke5 40. Re1+ Kd5 41. Rf1 Ke6 42. Re1+ Kf7 43. Kc3 f5 44. b4 Kf6 45. Kc4 f4 46. b5 Kf5 47. Kc5 Rb8 48. b6 f3 49. Kc6 Kf4 50. Kc7 Rxb6 51. Kxb6 f2 52. Rf1 Ke3 53. Rxf2 Kxf2 1/2-1/2

[Event "*** MasterClass Titled Tuesday Blitz"]
[Site "Chess.com"]
[Date "2017.11.07"]
[Round "5"]
[White "LawrenceTrent"]
[Black "Grebeniuk-S"]
[Result "1-0"]
[WhiteElo "2364"]
[BlackElo "2420"]
[TimeControl "180+2"]
[EndTime "15:14:34 PST"]
[Termination "LawrenceTrent won by resignation"]

1. d4 f5 2. Nc3 d5 3. Bf4 Nf6 4. e3 e6 5. Bd3 c5 6. Nb5 Na6 7. c3 Be7 8. Nf3 O-O 9. O-O Bd7 10. a4 c4 11. Bc2 Bxb5 12. axb5 Nc7 13. Ba4 Nd7 14. Kh1 Nb6 15. Bc2 Nxb5 16. g4 Nd6 17.
Rg1 Ne4 18. Qe2 Nd7 19. gxf5 exf5 20. Ne5 Nxe5 21. Bxe5 Bf6 22. f3 Nd6 23. Qg2 g6 24.
Bxd6 Qxd6 25. Bxf5 Bg7 26. Bh3 Rae8 27. e4 a6 28. Ra5 dxe4 29. fxe4 Qf4 30. e5 Qe3 31. Qd5+ Kh8 32. Bg2 Rf2 33. Qxb7 Ref8 34. Rxa6 Qd2 35. Ra8 Qxb2 36. Rxf8+ Bxf8 37. Qxb2 Rxb2 38. Bd5 Rc2 39. Rg3 Bh6 40. Bxc4 Bf4 41. Rf3 g5 42. e6 Rc1+ 43.
Kg2 Re1 44. Rf2 Rc1 45. e7 1-0

[Event "*** MasterClass Titled Tuesday Blitz"]
[Site "Chess.com"]
[Date "2017.11.07"]
[Round "5"]
[White "yurisolo"]
[Black "Sam_ChessMood"]
[Result "1/2-1/2"]
[WhiteElo "2593"]
[BlackElo "2634"]
[TimeControl "180+2"]
[EndTime "15:14:44 PST"]
[Termination "Game drawn by agreement"]

1. e4 e5 2. Nf3 Nf6 3. Nxe5 d6 4. Nf3 Nxe4 5. d4 d5 6. Bd3 Bf5 7. O-O Be7 8. Re1 O-O 9. c4 Nc6 10.
Nc3 Nxc3 11. bxc3 Bxd3 12. Qxd3 dxc4 13. Qxc4 Qd7 14. Rb1 b6 15. d5 Na5 16. Qd3 Bf6 17.
Bg5 Qd6 18. Bxf6 Qxf6 19. Qe4 Rad8 20. c4 c6 21. Rbd1 cxd5 22. cxd5 Nb7 23. Ne5 Nc5 24. Qc4 Rd6 25. Nc6 h6 26. Nxa7 Ra8 27. Nc6 Ra4 28. Re8+ Kh7 29. Qc2+ Qg6 30. Qxg6+ fxg6 31. f3 Rxa2 32. Ne5 g5 33. Rh8+ Kxh8 34. Nf7+ Kg8 35. Nxd6 Nd7 36. Re1 Rd2 37. Re8+ Kh7 38. Re7 Rxd5 39.
Rxd7 b5 40. Kf2 b4 41. Ke3 b3 42. Rb7 Rxd6 43. Rxb3 Re6+ 44. Kf2 1/2-1/2

[Event "*** MasterClass Titled Tuesday Blitz"]
[Site "Chess.com"]
[Date "2017.11.07"]
[Round "5"]
[White "aa175"]
[Black "nicegg"]
[Result "1-0"]
[WhiteElo "1869"]
[BlackElo "1981"]
[TimeControl "180+2"]
[EndTime "15:14:44 PST"]
[Termination "aa175 won by checkmate"]

1. e4 e5 2. Nf3 Nc6 3. Bc4 Nf6 4. d3 d6 5. Nc3 Na5 6. h3 Be7 7. a3 Nxc4 8. dxc4 O-O 9. O-O Be6 10. Qe2 c6 11.
Rd1 Qb6 12. Be3 Qa6 13. b3 h6 14. Qf1 Rfd8 15. Kh2 Nh5 16. g3 b6 17. Ne1 Qc8 18. Nd3 g5 19. f4 gxf4 20. gxf4 exf4 21. Nxf4 Nxf4 22. Qxf4 Bg5 23. Qg3 Kf8 24. Bxg5 hxg5 25. Qxg5 Qd7 26. Qh6+ Ke7 27. e5 d5 28. Qf6+ Ke8 29. Ne4 Qe7 30. Qh8+ Kd7 31. Qf6 Qxf6 32. Nxf6+ Kc7 33. cxd5 cxd5 34. Rd4 Rh8 35. Rd3 Rad8 36.
Rad1 Kc6 37. Rc3+ Kb7 38. Rcd3 Kc6 39. Rc3+ Kb7 40. Rcd3 Kc6 41. c4 d4 42. Ne4 Bf5 43. Re1 Bxe4 44. Rxe4 Rdg8 45. Rdxd4 Rg5 46. Rd6+ Kc5 47. b4# 1-0

[Event "*** MasterClass Titled Tuesday Blitz"]
[Site "Chess.com"]
[Date "2017.11.07"]
[Round "5"]
[White "Fy_Rakotomaharo"]
[Black "plouarzel"]
[Result "1-0"]
[WhiteElo "2456"]
[BlackElo "2448"]
[TimeControl "180+2"]
[EndTime "15:14:45 PST"]
[Termination "Fy_Rakotomaharo won by checkmate"]

1. e4 d6 2. d4 Nf6 3. Nc3 e5 4.
Nf3 Nbd7 5. Bc4 exd4 6. Nxd4 Nb6 7.
Bb3 c5 8. Nf3 c4 9. Ba4+ Nxa4 10. Nxa4 Nxe4 11. O-O d5 12. Qd4 Be6 13. Bf4 b5 14.
Nc3 Nxc3 15. bxc3 f6 16. Rfe1 Kf7 17. a4 b4 18. cxb4 Bxb4 19. Reb1 a5 20. c3 Be7 21.
Rb7 Re8 22. Re1 Rc8 23. Qa7 Rc6 24. Nd4 Qc8 25. Nxc6 Qxc6 26. Rb6 Qd7 27. Qxa5 Bf5 28. Qb5 Qd8 29. Rb7 Kf8 30. a5 Be4 31. f3 Bd3 32.
a6 Qc8 33. Rexe7 Rxe7 34. Bd6 Qe6 35. Bxe7+ Kg8 36. Qe8# 1-0

[Event "*** MasterClass Titled Tuesday Blitz"]
[Site "Chess.com"]
[Date "2017.11.07"]
[Round "5"]
[White "DanielNaroditsky"]
[Black "MITerryble"]
[Result "0-1"]
[WhiteElo "2727"]
[BlackElo "2632"]
[TimeControl "180+2"]
[EndTime "15:14:51 PST"]
[Termination "MITerryble won by resignation"]

1. b3 d5 2. Bb2 Bg4 3. Nf3 c6 4.
Ne5 Bf5 5. g4 Be6 6. f4 Bc8 7.
Bg2 f6 8. Nd3 Bxg4 9. O-O Nh6 10.
Qe1 e6 11. e4 Be7 12. h3 Bh5 13. f5 e5 14. exd5 cxd5 15. Nxe5 fxe5 16. Qxe5 Qb6+ 17.
Bd4 Nc6 18. Bxb6 Nxe5 19. Bd4 Nhf7 20. Nc3 O-O 21. Nxd5 Bg5 22. Rae1 Nc6 23. Bc3 Rae8 24. b4 Rxe1 25. Rxe1 Nd6 26. f6 Bxf6 27. Nxf6+ gxf6 28. Re6 Nb5 29. Bxf6 Nc7 30. Rd6 Ne8 31. Rxc6 bxc6 32. Bd4 Bf3 33. Bf1 Rf7 34. Bc5 Nf6 35. d3 a6 36. a4 Nd5 37. d4 Nf4 38. Bxa6 Nxh3+ 39. Kh2 Nf4 40. a5 Rg7 41. Bf1 Be2 42. Bxe2 Rg2+ 43. Kh1 Rxe2 44. c4 Ra2 45. Bb6 Kf7 46. b5 cxb5 47. cxb5 Nd5 48. Bd8 Ke8 49. a6 0-1

[Event "*** MasterClass Titled Tuesday Blitz"]
[Site "Chess.com"]
[Date "2017.11.07"]
[Round "5"]
[White "florianschwabeneder"]
[Black "Margency"]
[Result "1-0"]
[WhiteElo "2435"]
[BlackElo "2506"]
[TimeControl "180+2"]
[EndTime "15:14:52 PST"]
[Termination "florianschwabeneder won by resignation"]

1. e4 d5 2. exd5 Qxd5 3. Nc3 Qd6 4. d4 Nf6 5. Nf3 c6 6. g3 Bg4 7. Bg2 e6 8. O-O Nbd7 9. h3 Bxf3 10. Bxf3 Qc7 11. Ne2 Bd6 12. c4 O-O 13. Be3 Rad8 14. Qc2 e5 15. c5 Be7 16. b4 exd4 17. Nxd4 Ne5 18. Bg2 Nd5 19. Bxd5 Rxd5 20. Kg2 Rfd8 21. Nf5 Bf6 22. Rad1 Qd7 23. Nd6 Rxd1 24. Rxd1 b5 25. cxb6 axb6 26. Bxb6 Ra8 27. a4 h5 28. a5 h4 29. Ne4 Qf5 30. Nxf6+ Qxf6 31. Qe4 hxg3 32.
fxg3 Re8 33. Re1 Qd6 34. Bc5 Qd2+ 35. Re2 Qd1 36. a6 Qa4 37. a7 f6 38. Qc2 Qa6 39.
Qa2+ Qxa2 40. Rxa2 Ra8 41. Ra6 Kf7 42. Ra2 Ke6 43. Rd2 Kf5 44. Rd6 Ke4 45. Re6 Kd5 46.
Re7 g5 47. Rb7 Nd3 48. Rb8 Nxc5 49. Rxa8 Ne4 50. Rd8+ Kc4 1-0

[Event "*** MasterClass Titled Tuesday Blitz"]
[Site "Chess.com"]
[Date "2017.11.07"]
[Round "5"]
[White "Oneofmyturns"]
[Black "hypert"]
[Result "1-0"]
[WhiteElo "2520"]
[BlackElo "2343"]
[TimeControl "180+2"]
[EndTime "15:14:56 PST"]
[Termination "Oneofmyturns won on time"]

1. d4 Nf6 2. c4 e6 3. Nc3 Bb4 4. Qc2 O-O 5. Nf3 d5 6. cxd5 exd5 7. Bg5 Nbd7 8. e3 h6 9. Bh4 c5 10. Be2 g5 11. Bg3 Ne4 12. O-O Nxg3 13. hxg3 g4 14. Nh4 cxd4 15. exd4 Nf6 16. Bd3 Be6 17. Ne2 Rc8 18.
Qd1 Re8 19. Nf4 Bd7 20. Bf5 Bd6 21. Nxd5 Nxd5 22. Qxg4+ Kh8 23. Bxd7 Nf6 24. Qf5 Nxd7 25. Qxf7 Nf8 26. Rae1 Re7 27. Qf6+ Kg8 28. Nf5 Rd7 29. Qxh6 Bb4 30. Re4 Rc6 31. Rg4+ Kf7 32. Rg7+ Ke8 33. Qh5+ Ng6 34. Rxg6 Rxg6 35. Qxg6+ Kf8 36. Qh6+ Kg8 37.
Qg6+ Kf8 38. Rd1 b6 39. Rd3 Qe8 40. Qf6+ Kg8 41. Re3 Qc8 42. Qg6+ Kh8 43. Re8+ 1-0

[Event "*** MasterClass Titled Tuesday Blitz"]
[Site "Chess.com"]
[Date "2017.11.07"]
[Round "5"]
[White "LaStreetCmaMaison"]
[Black "Sanan_Sjugirov"]
[Result "0-1"]
[WhiteElo "2588"]
[BlackElo "2659"]
[TimeControl "180+2"]
[EndTime "15:14:58 PST"]
[Termination "Sanan_Sjugirov won by resignation"]

1. e4 c5 2. Nf3 e6 3. d4 cxd4 4.
Nxd4 Nc6 5. c4 Nf6 6. Nc3 Bb4 7.
Qd3 Ne5 8. Qg3 d6 9. a3 Bxc3+ 10. Qxc3 Nxe4 11. Qe3 Nf6 12. Be2 O-O 13. O-O Bd7 14. Rd1 Qc7 15. Bd2 Rac8 16. Rac1 Rfd8 17. Qg3 Ne4 18.
Qh4 Nxd2 19. Rxd2 b5 20. c5 dxc5 21. Nxb5 Bxb5 22. Rxd8+ Rxd8 23. Bxb5 h6 24. h3 Rb8 25. a4 Qd6 26. Qf4 f6 27. Qe3 a6 28. Bf1 Rxb2 29.
Rxc5 Rb1 30. Rc8+ Kf7 31. f4 Qd3 32. Qa7+ Kg6 33. Qf2 Nc4 34. f5+ exf5 35. Kh2 Rxf1 36. Qh4 Qd6+ 37. Qg3+ Qxg3+ 38. Kxg3 Ne3 39. Rc6 f4+ 40. Kh2 Rf2 41. Rxa6 Rxg2+ 42. Kh1 Ra2 43. a5 f3 0-1

[Event "*** MasterClass Titled Tuesday Blitz"]
[Site "Chess.com"]
[Date "2017.11.07"]
[Round "5"]
[White "evgenysharapov"]
[Black "SergeiAza"]
[Result "0-1"]
[WhiteElo "2243"]
[BlackElo "2626"]
[TimeControl "180+2"]
[EndTime "15:15:02 PST"]
[Termination "SergeiAza won by resignation"]

1. e4 c5 2. Nf3 Nc6 3. d4 cxd4 4.
Nxd4 Qb6 5. Nb3 Nf6 6. Nc3 e6 7.
Bd3 a6 8. O-O Qc7 9. f4 d6 10.
Be3 b5 11. Kh1 Bb7 12. Qf3 Be7 13. Rae1 Nb4 14. a3 Nxd3 15. cxd3 O-O 16. Rc1 Qd8 17. Nd4 Rc8 18. Rc2 Qd7 19. Rfc1 g6 20. Qe2 Rfd8 21. Nb3 Ba8 22. Na2 Rxc2 23. Qxc2 Ng4 24. Bb6 Rb8 25.
Bg1 f5 26. Qc7 Qxc7 27. Rxc7 Bd8 28. Ra7 fxe4 29. dxe4 Bxe4 30. h3 Nf6 31. Rxa6 Bd5 32. Nac1 Ne4 33. Kh2 Bh4 34. Nd4 Bg3+ 35. Kh1 Bxf4 36.
Nce2 Be5 37. Bh2 Rc8 38. Bxe5 dxe5 39. Nf3 Rc2 40. Nc3 Nxc3 41. bxc3 e4 42. Nd4 Rxc3 43.
Nxe6 e3 44. Nf4 Bc4 45. Ra8+ Kf7 46. Ra7+ Kf6 47. Rc7 Ke5 48. g3 Bd5+ 49. Nxd5 Rxc7 50. Nxc7 e2 0-1

[Event "*** MasterClass Titled Tuesday Blitz"]
[Site "Chess.com"]
[Date "2017.11.07"]
[Round "5"]
[White "chessking2151"]
[Black "Hanging_pointer"]
[Result "0-1"]
[WhiteElo "2385"]
[BlackElo "2342"]
[TimeControl "180+2"]
[EndTime "15:15:02 PST"]
[Termination "Hanging_pointer won by resignation"]

1. e4 c5 2. Nf3 d6 3. d4 cxd4 4.
Nxd4 Nf6 5. Nc3 a6 6. Be3 e5 7. Nb3 Be6 8. f3 h5 9. Qd2 Nbd7 10. Nd5 Bxd5 11. exd5 Rc8 12. c4 g6 13. Na5 Qc7 14.
Be2 Ng8 15. Qb4 Nc5 16. O-O Bh6 17. Bf2 Nf6 18. Nb3 Nfd7 19. Nxc5 Nxc5 20. Qc3 a5 21. b3 O-O 22. a3 a4 23. b4 Nb3 24.
Rad1 Rfe8 25. Rfe1 Nd4 26. Bf1 b5 27. c5 dxc5 28. bxc5 Red8 29. Bxd4 exd4 30. Qxd4 Bg7 31. Qf2 Qxc5 32. d6 Qxa3 33. d7 Rb8 34. Bxb5 Qb4 35. Bc6 a3 36. Re8+ Kh7 37. Rxd8 Rxd8 38. Qa7 a2 39. Qc7 Qc5+ 40. Kf1 Qc4+ 41. Kf2 Qc2+ 42. Kg3 Qxd1 43. Qxd8 a1=Q 44. Qe8 Qe5+ 0-1

[Event "*** MasterClass Titled Tuesday Blitz"]
[Site "Chess.com"]
[Date "2017.11.07"]
[Round "5"]
[White "gmcorrales"]
[Black "GMHess"]
[Result "1-0"]
[WhiteElo "2683"]
[BlackElo "2568"]
[TimeControl "180+2"]
[EndTime "15:15:03 PST"]
[Termination "gmcorrales won by resignation"]

1. d4 d6 2. c4 g6 3. Nc3 Bg7 4. e4 c5 5. d5 Bxc3+ 6. bxc3 Qa5 7. Qc2 Nf6 8. Bd3 Nbd7 9. f4 Nb6 10. Nf3 Bg4 11. O-O Bxf3 12. Rxf3 Nfd7 13. a4 O-O-O 14.
Bd2 e6 15. Rff1 exd5 16. exd5 Rhe8 17. Rfb1 a6 18. Rb2 Kc7 19. Rab1 Rb8 20. Ra2 f5 21. h3 Nf6 22. Be1 Ne4 23. Rab2 Nd7 24. Rb3 h6 25. Qb2 b6 26. Ra3 Re7 27. Qc1 Rbe8 28. Rb2 Nef6 29. Bh4 Re3 30. Rd2 Ne4 31. Rd1 Ng3 32. Qd2 Ne2+ 33.
Bxe2 Rxe2 34. Qd3 R8e3 35. Qb1 Re4 36. Rf1 Rxc4 37. Qd3 Ree4 38. Qg3 Rxa4 39. Rb3 Ra3 40. Rxa3 Qxa3 41. Qxg6 Re2 42. Qg8 Kb7 43. Qf7 Qa4 44.
Qxf5 a5 45. Qg6 Qa2 46. Qg7 Ka6 47. Bf2 Nb8 48. Qc7 Qxd5 49. Qxb8 a4 50. Qc8+ Kb5 51. Rb1+ Kc4 52. Qa6+ Kxc3 53. Qxe2 1-0

[Event "*** MasterClass Titled Tuesday Blitz"]
[Site "Chess.com"]
[Date "2017.11.07"]
[Round "5"]
[White "LastHeroJr"]
[Black "wanyaland"]
[Result "1-0"]
[WhiteElo "2391"]
[BlackElo "2249"]
[TimeControl "180+2"]
[EndTime "15:15:08 PST"]
[Termination "LastHeroJr won on time"]

1. e4 c5 2. Nf3 d6 3. d4 cxd4 4. Nxd4 Nf6 5. Nc3 a6 6. Bg5 e6 7. f4 Qb6 8. Nb3 Nbd7 9. Qe2 Qc7 10. O-O-O Be7 11. a3 b5 12. g4 Rb8 13. Bg2 b4 14. axb4 Rxb4 15. Rhe1 h6 16. Bh4 g5 17.
fxg5 hxg5 18. Bxg5 Rxh2 19. Rh1 Rxh1 20. Rxh1 Ne5 21.
Rh8+ Kd7 22. Bd2 Rb8 23. g5 Ne8 24. Rh7 Bb7 25. Bh3 Rc8 26. Nd4 Qc4 27. Qf2 Bxe4 28. Rxf7 Bd5 29. Rh7 Nc7 30. g6 Rg8 31. Kb1 Kd8 32.
Nxd5 Qxd5 33. g7 Qh1+ 34. Ka2 Qd5+ 35. b3 Nd7 36. Rh8 Nf6 37. Rxg8+ Nxg8 38. Qf7 e5 39. Nc6+ Qxc6 40. Qxg8+ Ne8 41. Qf7 Qxc2+ 42. Ka3 1-0

[Event "*** MasterClass Titled Tuesday Blitz"]
[Site "Chess.com"]
[Date "2017.11.07"]
[Round "5"]
[White "igorkovalenko"]
[Black "mikhaillushenkov"]
[Result "1-0"]
[WhiteElo "2787"]
[BlackElo "2507"]
[TimeControl "180+2"]
[EndTime "15:15:12 PST"]
[Termination "igorkovalenko won by resignation"]

1. e4 e6 2. d4 d5 3. Nc3 Nf6 4. e5 Nfd7 5. Nce2 c5 6. c3 Nc6 7.
f4 Qb6 8. Nf3 cxd4 9. cxd4 Be7 10. g3 f6 11. Bh3 O-O 12. Bxe6+ Kh8 13. Bxd5 fxe5 14. Bxc6 Qxc6 15. O-O exd4 16. Nexd4 Qb6 17. Qb3 Qg6 18. Be3 Nc5 19. Qa3 Bh3 20. Rf2 Rae8 21. Ne5 Qe4 22. Ndf3 Ne6 23. Qd3 Qxd3 24. Nxd3 a6 25.
Re1 Bf6 26. Rfe2 Nc7 27. Nf2 Bf5 28. Bd4 Rxe2 29. Rxe2 Bd8 30. Bb6 Kg8 31. Rd2 Ne6 32.
Bxd8 Rxd8 33. Rxd8+ Nxd8 34. Nd4 Bb1 35. a3 Kf7 36. Ng4 Ne6 37. Ne5+ Ke7 38. Nxe6 Kxe6 39. Kf2 Kd5 40. Ke3 a5 41. h4 b5 42. g4 h6 43.
Nf3 b4 44. axb4 axb4 45. Nd4 Kc4 46. f5 Kd5 47. Ne6 h5 48. Nxg7 hxg4 49. Kf4 Kd4 1-0

[Event "*** MasterClass Titled Tuesday Blitz"]
[Site "Chess.com"]
[Date "2017.11.07"]
[Round "5"]
[White "Koksik_13"]
[Black "TijanaBlagojevic"]
[Result "0-1"]
[WhiteElo "1987"]
[BlackElo "2184"]
[TimeControl "180+2"]
[EndTime "15:15:12 PST"]
[Termination "TijanaBlagojevic won on time"]

1. e4 e5 2. Nf3 Nc6 3. Nc3 Nf6 4. Bb5 Bd6 5. d3 a6 6. Bc4 Bc5 7. Bg5 h6 8. Bh4 Be7 9. a3 O-O 10. Qd2 d6 11. h3 Nxe4 12. dxe4 Bxh4 13. Nd5 Be6 14.
Bb3 Be7 15. g4 Bxd5 16. Bxd5 Bg5 17. Nxg5 Qxg5 18. O-O-O Rab8 19. Qxg5 hxg5 20. h4 gxh4 21. Rxh4 g6 22. Rdh1 Kg7 23. g5 Rh8 24. Rxh8 Rxh8 25. Rxh8 Kxh8 26. Bxf7 Kg7 27. Bd5 Nd8 28. Kd2 Kf8 29. Ke3 Ke7 30. b4 c6 31. Bb3 b6 32.
Bc4 b5 33. Bb3 Ne6 34. c4 Nxg5 35. cxb5 axb5 36. a4 bxa4 37. Bxa4 Kd7 38. b5 cxb5 39. Bxb5+ Ke7 40. f4 exf4+ 41. Kxf4 Kf6 42. Be8 Ne6+ 43. Ke3 Nc7 44. Bd7 Ke5 45. Kf3 Ne6 46. Be8 g5 47.
Bf7 Kf6 48. Bg8 Nf8 49. Kg4 Ng6 50. Bd5 Ne5+ 51. Kh5 Nd3 52. Kg4 Nf4 0-1

[Event "*** MasterClass Titled Tuesday Blitz"]
[Site "Chess.com"]
[Date "2017.11.07"]
[Round "5"]
[White "VladDobrov"]
[Black "ZapataCharlesS"]
[Result "0-1"]
[WhiteElo "2649"]
[BlackElo "2543"]
[TimeControl "180+2"]
[EndTime "15:15:13 PST"]
[Termination "ZapataCharlesS won by resignation"]

1. d4 d5 2. c4 e6 3. Nc3 c6 4.
e3 f5 5. Nf3 Nf6 6. Bd3 Bd6 7.
O-O O-O 8. b3 Bd7 9. Bb2 Be8 10.
Ne5 Nbd7 11. f3 Nxe5 12. dxe5 Bxe5 13. Qe2 Bd6 14. Rad1 Qc7 15. g3 Bd7 16. Bb1 Rae8 17. e4 fxe4 18. fxe4 e5 19. exd5 Bg4 20. Qc2 Bxd1 21.
Rxd1 g6 22. Ne4 Nxe4 23. Qxe4 Bc5+ 24. Kh1 Qf7 25. dxc6 bxc6 26. Qxc6 Rd8 27. Re1 Qf2 28. Bc3 Bd4 29. Bb4 Rf6 30. Qg2 Qxg2+ 31. Kxg2 Rf2+ 32. Kh3 Kf7 33. a4 Rb8 34. Bd6 Rxb3 35. Be4 Rbb2 36.
Bd5+ Kg7 37. Bxe5+ Bxe5 38. Rxe5 h5 39. g4 Rxh2+ 40.
Kg3 h4+ 41. Kf4 Rbe2 42. Be4 Rhf2+ 43. Kg5 h3 44. Re6 Kf7 45. Re5 h2 46. Bd5+ Kg7 47. Rxe2 Rxe2 48. Kf4 Re1 49. c5 h1=Q 50. Bxh1 Rxh1 51. Ke5 Rc1 52. Kd6 Kf6 53. c6 Rd1+ 54. Kc5 Ke7 0-1

[Event "*** MasterClass Titled Tuesday Blitz"]
[Site "Chess.com"]
[Date "2017.11.07"]
[Round "5"]
[White "AbdAlAgathos"]
[Black "lukas_111111"]
[Result "0-1"]
[WhiteElo "2224"]
[BlackElo "2354"]
[TimeControl "180+2"]
[EndTime "15:15:13 PST"]
[Termination "lukas_111111 won by checkmate"]

1. d4 Nf6 2. c4 e6 3. Nc3 Bb4 4. Nf3 O-O 5. Bg5 h6 6. Bh4 d5 7.
cxd5 exd5 8. e3 c5 9. Be2 cxd4 10.
Nxd4 Bxc3+ 11. bxc3 Qc7 12. Bxf6 Qxc3+ 13. Kf1 gxf6 14. Rc1 Qa3 15. Nb5 Qe7 16. Nc7 Nc6 17. Nxa8 Be6 18. Bd3 Rxa8 19. h4 Ne5 20. h5 Rd8 21. Rh4 Qa3 22. Bb1 Kf8 23. Ra4 Qb2 24. Qc2 Qb5+ 25. Kg1 Rc8 26. Qxc8+ Bxc8 27. Rxc8+ Kg7 28.
Bc2 Qd7 29. Rc3 b5 30. Rd4 Nc6 31. Rf4 b4 32. Rc5 Qd6 33. Rb5 a6 34. Rb6 Qc5 35. Rg4+ Kf8 36. Rxa6 Qxc2 37. Ra8+ Ke7 38. Rf4 Qd1+ 39.
Kh2 Qxh5+ 40. Kg1 Qd1+ 41. Kh2 Ne5 42. Ra7+ Kf8 43. Rxb4 Kg7 44. Rbb7 Qe1 45. f4 Qh4+ 46. Kg1 Ng4 47. Rxf7+ Kg6 48. Rg7+ Kf5 49. e4+ Kxf4 50. exd5 Qe1# 0-1

[Event "*** MasterClass Titled Tuesday Blitz"]
[Site "Chess.com"]
[Date "2017.11.07"]
[Round "5"]
[White "nubair1198"]
[Black "AkshatChandra"]
[Result "0-1"]
[WhiteElo "2539"]
[BlackElo "2736"]
[TimeControl "180+2"]
[EndTime "15:15:15 PST"]
[Termination "AkshatChandra won by resignation"]

1. c4 e5 2. g3 Nc6 3. Bg2 g6 4.
Nc3 Bg7 5. Nf3 d6 6. O-O f5 7.
d3 Nf6 8. Rb1 O-O 9. b4 h6 10. b5 Ne7 11. a4 g5 12. Ba3 Ng6 13. c5 g4 14. Nd2 d5 15. c6 Re8 16. Qb3 bxc6 17. bxc6 Be6 18. Qb7 a6 19. Nb3 d4 20.
Nc5 dxc3 21. Nxe6 Rxe6 22. Qb3 Qe8 23. Qxc3 e4 24. Rfc1 Kh7 25. Rb7 exd3 26. exd3 Rc8 27. h4 Ne4 28. Qa5 Re5 29. Qxa6 Nxf2 30. Rf1 Re1 31. Qb5 Rxf1+ 32. Kxf1 Qe3 33. Qxf5 Rf8 34. Bxf8 Nxd3 35. Rb1 Ne5 36. Bxg7 Kxg7 37. h5 Ne7 38. Qf4 Qd3+ 39. Kf2 Qc2+ 40. Ke3 Nf5+ 41. Qxf5 Qxf5 42. Be4 Qg5+ 43. Kd4 Nf3+ 44. Kd3 Qd2+ 45. Kc4 Qd4+ 46. Kb5 Qxe4 47. Rd1 Qe5+ 48. Ka6 Qxg3 49. Rd7+ Kf6 50. a5 Qe5 51. Kb7 Qxa5 52. Rxc7 Qxc7+ 53. Kxc7 Ne5 54. Kd6 Nxc6 55. Kxc6 g3 56. Kd5 g2 57. Ke4 g1=Q 58. Kf3 Qg5 59. Kf2 Qxh5 60. Kf1 Qh2 61. Ke1 Ke5 0-1

[Event "*** MasterClass Titled Tuesday Blitz"]
[Site "Chess.com"]
[Date "2017.11.07"]
[Round "5"]
[White "johnathan113"]
[Black "Jospem"]
[Result "1-0"]
[WhiteElo "2473"]
[BlackElo "2590"]
[TimeControl "180+2"]
[EndTime "15:15:15 PST"]
[Termination "johnathan113 won by resignation"]

1. e4 c5 2. Nf3 d6 3. d4 cxd4 4. Nxd4 Nf6 5. Nc3 a6 6. a3 g6 7. Be3 Bg7 8. Be2 O-O 9. O-O Nc6 10. Qd2 Bd7 11. f3 Rc8 12. Rfd1 Ne5 13. Qe1 b5 14. b3 Qc7 15. Nd5 Nxd5 16. exd5 f5 17. f4 Ng4 18. Bxg4 fxg4 19. Rac1 Qc3 20. Qe2 h5 21. g3 Rc5 22.
Ne6 Bxe6 23. dxe6 Rcf5 24. Qd3 Qf6 25. Qe4 Qc3 26. Qd3 Qb2 27. a4 h4 28. axb5 axb5 29. Qe2 Rc8 30. gxh4 Rh5 31. Qxg4 Rxc2 32. Qxg6 Rhc5 33.
Bd4 Qxd4+ 34. Rxd4 Rxc1+ 35. Kg2 R5c2+ 36. Kf3 Rf1+ 37. Ke4 Re1+ 38. Kd3 Ree2 39. Qf7+ Kh7 40. Qh5+ Kg8 41. Qf7+ Kh7 42. Qf5+ Kh6 43. Qg5+ Kh7 44. Qf5+ Kh8 45.
Qh5+ Kg8 46. Qe8+ Bf8 47. Qf7+ Kh8 48. Qxf8+ Kh7 49. Qxe7+ Kh6 50. Qg5+ Kh7 51. Qh5+ Kg7 52. Qxe2 1-0